 Dungeon Crawl Stone Soup version 0.24-a0-459-g225fefd530 (webtiles) character file.

Game seed: 15056806846689463101

42301 Peloso the Fencer (level 13, -2/123 HPs)
             Began as a Minotaur Fighter on June 30, 2019.
             Was the Champion of Okawaru.
             Slain by Saint Roka
             ... wielding a +1 battleaxe
              (23 damage)
             ... on level 2 of the Orcish Mines.
             The game lasted 00:43:48 (19691 turns).

Peloso the Fencer (Minotaur Fighter)               Turns: 19691, Time: 00:43:48

Health: -2/123     AC: 22    Str: 36    XL:     13   Next: 84%
Magic:  2/4        EV: 18    Int: 12    God:    Okawaru [******]
Gold:   1559       SH:  0    Dex: 15    Spells: 12/12 levels left

rFire    . . .     SeeInvis .   O - +9 great sword of Seafam {slice, Fragile rPois Int+4}
rCold    . . .     Gourm    +   (shield currently unavailable)
rNeg     . . .     Faith    .   o - +3 plate armour "Qujeruacs" {MP-9 Str+9 Dex+3 Stlth-}
rPois    +         Spirit   .   J - +0 hat {Int+3}
rElec    .         Reflect  .   U - scarf {repulsion}
rCorr    .         Harm     .   y - +0 pair of gloves
MR       .....                  (no boots)
Stlth    ..........             A - amulet of the gourmand
HPRegen  0.30/turn              w - +3 ring of strength
MPRegen  0.09/turn              v - +4 ring of evasion

@: heroism, studying Fighting, repel missiles
A: retaliatory headbutt, horns 2
a: Heroism, Finesse, Renounce Religion


You were on level 2 of the Orcish Mines.
You worshipped Okawaru.
Okawaru was exalted by your worship.
You were full.

You visited 4 branches of the dungeon, and saw 17 of its levels.

You collected 1559 gold pieces.

Inventory:

Hand Weapons
 a - a +0 scimitar of flaming
 e - the +1 longbow "Hoateav" {velocity, MR+ Dex+3, unknown}
   (Okawaru gifted it to you on level 1 of the Lair of Beasts)

   Any arrow fired from it inflicts extra damage.
   It affects your dexterity (+3).
   It affects your resistance to hostile enchantments.
 u - a +3 falchion of holy wrath
 B - a +0 hand crossbow
 O - the +9 great sword of Seafam (weapon) {slice, Fragile rPois Int+4}
   (Okawaru gifted it to you on level 10 of the Dungeon)

   It inflicts extra damage upon your enemies.
   It affects your intelligence (+4).
   It protects you from poison.
   It will be destroyed if unequipped.
 X - the +9 trident of the Pits of Slime {pain, rElec rC+}
   (You took it off a gnoll sergeant on level 8 of the Dungeon)

   In the hands of one skilled in necromantic magic, it inflicts extra damage on
   living creatures.
   It protects you from cold.
   It insulates you from electricity.
Missiles
 x - 505 bolts
Armour
 b - a +0 scale mail
 c - a +0 shield
 o - the +3 plate armour "Qujeruacs" (worn) {MP-9 Str+9 Dex+3 Stlth-}
   (Okawaru gifted it to you on level 1 of the Orcish Mines)

   It affects your strength (+9).
   It affects your dexterity (+3).
   It affects your magic capacity (-9).
   It makes you less stealthy.
 r - a +0 plate armour
 y - a +0 pair of gloves (worn)
 z - a +0 cloak
 J - a +0 hat of intelligence (worn)
 U - a scarf of repulsion (worn)
 Y - a +2 chain mail of fire resistance
Jewellery
 g - the ring "Memifreo" {Dex+3 Slay+3 Stlth-}
   (You took it off a gnoll on level 8 of the Dungeon)

   [ring of attention]

   It affects your dexterity (+3).
   It affects your accuracy and damage with ranged weapons and melee attacks
   (+3).
   It makes you less stealthy.
 s - an uncursed amulet of guardian spirit
 v - a +4 ring of evasion (right hand)
 w - a +3 ring of strength (left hand)
 A - an amulet of the gourmand (around neck)
 F - an uncursed ring of magical power
 M - an uncursed ring of see invisible
 P - an uncursed ring of fire
Wands
 E - a wand of iceblast (6)
 G - a wand of paralysis (30)
 H - a wand of disintegration (41)
 I - a wand of acid (24)
 L - a wand of flame (14)
Scrolls
 h - 4 scrolls of enchant armour {unknown}
 i - 4 scrolls of teleportation
 m - 5 scrolls of magic mapping {unknown}
 n - 3 scrolls of noise {unknown}
 t - 6 scrolls of remove curse
 D - 2 scrolls of fog
 Q - 4 scrolls of enchant weapon {unknown}
 T - a scroll of summoning
 V - a scroll of silence {unknown}
Potions
 d - 6 potions of might
 k - 2 potions of cancellation
 l - 4 potions of brilliance
 p - 3 potions of ambrosia
 q - 4 potions of flight
 C - a potion of agility
 K - a potion of haste
 R - a potion of berserk rage
 S - a potion of magic
Books
 W - a manual of Fighting
Comestibles
 f - 20 rations


   Skills:
 + Level 13.8(18.8) Fighting
 + Level 17.9(22.9) Long Blades
 + Level 12.8(17.8) Armour
 + Level 2.6(7.6) Dodging
 + Level 1.7(6.7) Stealth
 + Level 12.0(17.0) Shields
 + Level 1.0 Invocations
 + Level 1.6 Evocations


You had 12 spell levels left.
You didn't know any spells.
Your spell library contained the following spells:

 Spells                   Type           Power        Failure   Level  Hunger
 Animate Skeleton         Necr           N/A          77%         1    ##.....
 Freeze                   Ice            #...         77%         1    ##.....
 Infusion                 Chrm           #...         77%         1    ##.....
 Magic Dart               Conj           #...         77%         1    ##.....
 Pain                     Necr           #...         77%         1    ##.....
 Blink                    Tloc           N/A          88%         2    ###....
 Call Imp                 Summ           #.......     88%         2    ###....
 Searing Ray              Conj           #.....       88%         2    ###....
 Shroud of Golubria       Chrm/Tloc      #.....       88%         2    ###....
 Slow                     Hex            #.......     88%         2    ###....
 Song of Slaying          Chrm           #.......     88%         2    ###....
 Throw Frost              Conj/Ice       #.....       88%         2    ###....
 Conjure Flame            Conj/Fire      #.......     98%         3    ####...
 Dazzling Spray           Conj/Hex       #.....       98%         3    ####...
 Mephitic Cloud           Conj/Pois/Air  #.......     98%         3    ####...
 Ozocubu's Armour         Chrm/Ice       #.......     98%         3    ####...
 Regeneration             Chrm/Necr      #.........   98%         3    ####...
 Spectral Weapon          Hex/Chrm       #.......     98%         3    ####...
 Vampiric Draining        Necr           #.........   98%         3    ####...
 Animate Dead             Necr           N/A          100%        4    #####..
 Force Lance              Conj/Tloc      #.......     100%        4    #####..
 Fulminant Prism          Conj/Hex       #.........   100%        4    #####..
 Iskenderun's Mystic Bla  Conj           #.......     100%        4    #####..
 Summon Ice Beast         Ice/Summ       #.......     100%        4    #####..
 Throw Icicle             Conj/Ice       #.......     100%        4    #####..


Dungeon Overview and Level Annotations

Branches:
Dungeon (12/15)            Temple (1/1) D:4            Lair (2/6) D:11
 Spider (0/4) Lair:2          Orc (2/2) D:10            Elf (0/3) Orc:2
  Swamp: Lair:2-4    Shoals: Lair:2-4

Altars:
Ashenzari
Cheibriados
Dithmenos
Elyvilon
Fedhas
Gozag
Hepliaklqana
Kikubaaqudgha
Makhleb
Nemelex Xobeh
Okawaru
Qazlal
Ru
Sif Muna
Uskayaw
Vehumet
Wu Jian
Xom
Yredelemnul
Zin
Beogh
Lugonu

Shops:
Orc:2 }!(:

Annotations:
D:9 3 runed translucent doors, loom's ghost, novice TrFi
Orc:2 2 transporters, AxeAttX's ghost, journeyman FoFi; Saint Roka


Innate Abilities, Weirdness & Mutations

You reflexively headbutt those who attack you in melee.
You have a pair of horns on your head.


Message History

* * * LOW HITPOINT WARNING * * *
You slice Saint Roka!!
You headbutt Saint Roka, but do no damage.
Saint Roka is heavily wounded.
Saint Roka roars a battlecry!
You hit Saint Roka but do no damage.
Saint Roka is heavily wounded.
The orc warrior hits you with a +0 scimitar!
* * * LOW HITPOINT WARNING * * *
Saint Roka hits you but does no damage.
Unknown command.
You slice Saint Roka!! Your headbutt misses Saint Roka.
Saint Roka is severely wounded.
The orc warrior misses you.
Unknown command.
Unknown command.
You carve Saint Roka like a ham!!!
Saint Roka is almost dead.
Saint Roka hits you with a +1 battleaxe!!
You die...

.##..#.#..#..#.##..#...........##
.#..............###<#...........#
...............###.).............
...............# ##....(.((..(#.#
..............#####............##
................##........((.(#.#
...#.............o........((.....
................#oO....(.(((.<..#
......^..(......@#...([(<..(..#.#
...............o##).o.([)[.(.....
...........(......o...).........#
..............).[)...[....(..(...
.#...........(..[[....)....(.....
.........[.......)[)#...........#
...............)....>............
.........)).....................#
##.........................#.....


You could see Saint Roka, 2 orc warriors and an ogre.

Vanquished Creatures
  Gastronok (D:8)
  Donald (Orc:1)
  Erolcha (Orc:2)
  Harold (Lair:1)
  A hydra (Lair:1)
  Erica (D:8)
  A centaur warrior (Orc:2)
  A two-headed ogre (Orc:1)
  A queen ant (Lair:2)
  The ghost of xoxolimbo the Destroyer, a novice DsFE of Vehumet (D:8)
  An orc high priest (Orc:1)
  Nergalle (D:12)
  An unseen horror (D:12)
  2 lindwurms (Lair:1)
  5 orc knights
  2 manticores
  2 cyclopes
  6 orc sorcerers
  An ugly thing (D:12)
  An elephant (Lair:1)
  A black mamba (Lair:1)
  A centaur zombie (D:11)
  4 spiny frogs
  A rime drake (Lair:1)
  2 komodo dragons (Lair:1)
  2 trolls (Orc:1)
  Grinder (D:5)
  A polar bear (Lair:2)
  2 blink frogs (Lair:1)
  5 hippogriffs
  4 slime creatures
  A vampire (D:10)
  2 redbacks (Lair:2)
  26 yaks
  5 wyverns
  Grum (D:8)
  A basilisk (Lair:1)
  4 wargs
  Menkaure (D:7)
  A hungry ghost (D:4)
  6 soldier ants (Lair:2)
  6 porcupines
  6 water moccasins
  2 sky beasts (D:9)
  2 ice beasts
  3 phantoms
  36 orc warriors
  3 black bears (D:11)
  An eye of draining (D:10)
  12 ogres
  4 wolves (D:8)
  18 centaurs
  A big kobold (D:10)
  10 bullfrogs
  A wyvern zombie (D:6)
  A gnoll sergeant (D:8)
  14 killer bees
  4 howler monkeys
  2 electric eels (Lair:1)
  3 crimson imps
  17 orc wizards
  7 hounds
  6 jellies
  11 orc priests
  2 bullfrog skeletons (D:8)
  2 iguanas (D:6)
  33 worker ants
  A hound zombie (D:11)
  2 hound skeletons
  14 gnolls
  12 adders
  6 oozes
  3 adder skeletons
  5 worms
  5 dart slugs
  5 leopard geckos
  48 orcs
  2 bats (D:3)
  5 giant cockroaches
  7 goblins
  5 hobgoblins
  7 jackals (D:3)
  5 quokkas
  9 frilled lizards
  A giant cockroach zombie (D:5)
  2 jackal skeletons
  12 kobolds
  A leopard gecko zombie (D:9)
  7 rats
  3 fungi (D:11)
  6 plants
484 creatures vanquished.

Vanquished Creatures (others)
  A human (D:2)
  A gnoll shaman (D:8)
  An orc (Orc:2)
  3 fungi (D:11)
  5 plants (D:8)
  7 toadstools (Lair:1)
18 creatures vanquished.

Grand Total: 502 creatures vanquished

Notes
Turn   | Place    | Note
-------+----------+-------------------------------------------
     0 | D:1      | Peloso the Minotaur Fighter began the quest for the Orb.
     0 | D:1      | Reached XP level 1. HP: 19/19 MP: 0/0
   250 | D:1      | Reached XP level 2. HP: 19/27 MP: 1/1
   788 | D:2      | Reached skill level 3 in Long Blades
   788 | D:2      | Reached XP level 3. HP: 8/33 MP: 2/2
  1075 | D:2      | Found an opulent altar of Gozag.
  1075 | D:2      | Found a hazy altar of Hepliaklqana.
  1367 | D:2      | Found an ancient bone altar of Kikubaaqudgha.
  1370 | D:2      | Noticed a human
  1370 | D:2      | Killed a human
  1428 | D:3      | Reached skill level 4 in Long Blades
  1432 | D:3      | Reached XP level 4. HP: 39/40 MP: 3/3
  1455 | D:3      | Found a white marble altar of Elyvilon.
  1712 | D:3      | Found a radiant altar of Vehumet.
  2007 | D:3      | Reached XP level 5. HP: 43/46 MP: 2/4
  2308 | D:4      | Noticed an ogre
  2316 | D:4      | Killed an ogre
  2316 | D:4      | Reached skill level 5 in Long Blades
  2316 | D:4      | Reached skill level 5 in Shields
  2352 | D:4      | Found a staircase to the Ecumenical Temple.
  2361 | Temple   | Entered the Ecumenical Temple
  2375 | Temple   | Became a worshipper of Warmaster Okawaru
  2647 | D:4      | Reached XP level 6. HP: 53/53 MP: 5/5
  2719 | D:4      | Noticed a hungry ghost
  2731 | D:4      | Killed a hungry ghost
  2921 | D:5      | Entered Level 5 of the Dungeon
  2979 | D:5      | Noticed Grinder
  2991 | D:5      | Found a blossoming altar of Fedhas.
  3003 | D:5      | Paralysed by Grinder for 6 turns
  3015 | D:5      | Killed Grinder
  3015 | D:5      | Reached * piety under Okawaru
  3015 | D:5      | Reached skill level 6 in Long Blades
  3015 | D:5      | Reached skill level 5 in Armour
  3015 | D:5      | Reached XP level 7. HP: 41/60 MP: 4/6
  3022 | D:5      | Reached skill level 5 in Fighting
  3250 | D:5      | Found a sacrificial altar of Ru.
  3544 | D:6      | Reached ** piety under Okawaru
  3558 | D:6      | Reached skill level 7 in Long Blades
  3558 | D:6      | Reached XP level 8. HP: 64/69 MP: 7/7
  4015 | D:6      | Reached skill level 1 in Dodging
  4064 | D:6      | Reached skill level 8 in Long Blades
  4510 | D:7      | Reached *** piety under Okawaru
  4690 | D:7      | Noticed Menkaure
  4696 | D:7      | Killed Menkaure
  4696 | D:7      | Reached XP level 9. HP: 78/78 MP: 8/8
  5020 | D:7      | Found a stormy altar of Qazlal.
  5370 | D:7      | Reached skill level 9 in Long Blades
  5547 | D:8      | Noticed Erica
  5580 | D:8      | Killed Erica
  5580 | D:8      | Reached skill level 1 in Stealth
  5587 | D:8      | Reached **** piety under Okawaru
  5619 | D:8      | Found an ancient bone altar of Kikubaaqudgha.
  5632 | D:8      | Found a shimmering altar of Xom.
  5633 | D:8      | Found a hide-covered altar of Uskayaw.
  5635 | D:8      | Found a burning altar of Makhleb.
  5668 | D:8      | Reached skill level 10 in Long Blades
  5699 | D:8      | Found a sacrificial altar of Ru.
  5838 | D:8      | Found a transporter.
  5839 | D:8      | Found a transporter.
  5877 | D:8      | Noticed Gastronok
  5895 | D:8      | Killed Gastronok
  5895 | D:8      | Reached skill level 11 in Long Blades
  5895 | D:8      | Reached skill level 10 in Shields
  5895 | D:8      | Reached XP level 10. HP: 59/88 MP: 7/9
  5941 | D:8      | Identified the +9 trident of the Pits of Slime {pain, rElec
                  | rC+}
  5967 | D:8      | Noticed Grum
  6000 | D:8      | Found a snail-covered altar of Cheibriados.
  6062 | D:8      | Found a deep blue altar of Sif Muna.
  6324 | D:9      | Found a runed translucent gate.
  6325 | D:9      | Found a runed translucent gate.
  6326 | D:9      | Found a runed translucent gate.
  6326 | D:9      | Identified the cursed +2 flail "Serhiogo" {holy, rElec
                  | Int+4 Stlth+}
  6327 | D:9      | Noticed loom's ghost (novice TrFi)
  6336 | D:9      | Found a roughly hewn altar of Beogh.
  6515 | D:9      | Reached skill level 1 in Evocations
  6667 | D:10     | Entered Level 10 of the Dungeon
  6732 | D:10     | Found a sparkling altar of Nemelex Xobeh.
  6732 | D:10     | Noticed a cyclops
  6734 | D:10     | Reached ***** piety under Okawaru
  6749 | D:10     | Killed a cyclops
  6895 | D:10     | Reached skill level 12 in Long Blades
  7182 | D:10     | Found a staircase to the Orcish Mines.
  7288 | D:10     | Reached XP level 11. HP: 87/95 MP: 10/10
  7550 | D:10     | Received a gift from Okawaru
  7554 | D:10     | Got an ancient great sword {god gift}
  7780 | D:10     | Identified the +9 great sword of Seafam {slice, Fragile
                  | rPois Int+4} (Okawaru gifted it to you on level 10 of the
                  | Dungeon)
  8002 | D:11     | Found a staircase to the Lair.
  8044 | D:11     | You fall into a shaft and drop 1 floor!
  8211 | D:12     | Noticed a cyan ugly thing
  8217 | D:12     | Killed a cyan ugly thing
  8478 | D:12     | Reached skill level 13 in Long Blades
  8989 | D:11     | Received a gift from Okawaru
  9593 | D:12     | Noticed an unseen horror
  9595 | D:12     | Killed an unseen horror
  9649 | D:12     | Noticed Nergalle
  9666 | D:12     | Killed Nergalle
  9666 | D:12     | Reached skill level 10 in Fighting
  9666 | D:12     | Reached skill level 14 in Long Blades
  9666 | D:12     | Reached skill level 10 in Armour
 10075 | D:12     | Reached XP level 12. HP: 106/106 MP: 11/11
 10263 | Lair:1   | Entered Level 1 of the Lair of Beasts
 10312 | Lair:1   | Reached ****** piety under Okawaru
 10323 | Lair:1   | Noticed a five-headed hydra
 10334 | Lair:1   | Killed a five-headed hydra
 10341 | Lair:1   | Received a gift from Okawaru
 10350 | Lair:1   | Reached skill level 15 in Long Blades
 10559 | Lair:1   | Noticed Harold
 10575 | Lair:1   | Killed Harold
 11139 | Lair:1   | Found a runed translucent door.
 11620 | Lair:1   | Received a gift from Okawaru
 11623 | Lair:1   | Got a shimmering longbow {god gift}
 12093 | Lair:2   | Found a hole to the Spider Nest.
 12225 | Lair:2   | Reached skill level 16 in Long Blades
 12614 | Lair:2   | Noticed a queen ant
 12631 | Lair:2   | Killed a queen ant
 12984 | Lair:2   | Reached XP level 13. HP: 117/117 MP: 13/13
 13461 | D:8      | Noticed xoxolimbo's ghost (novice DsFE)
 13473 | D:8      | Received a gift from Okawaru
 13487 | D:8      | Killed Grum
 13490 | D:8      | Identified the ring "Memifreo" {Dex+3 Slay+3 Stlth-}
 13496 | D:8      | HP: 4/117 [burnt (9)]
 13501 | D:8      | Killed xoxolimbo's ghost
 14164 | Orc:1    | Entered Level 1 of the Orcish Mines
 14179 | Orc:1    | Received a gift from Okawaru
 14632 | Orc:1    | Found Donweo's Armour Shoppe.
 14707 | Orc:1    | Received a gift from Okawaru
 15885 | Orc:2    | Entered Level 2 of the Orcish Mines
 15885 | Orc:2    | Found a staircase to the Elven Halls.
 15885 | Orc:2    | Noticed Donald
 15896 | Orc:1    | Reached skill level 17 in Long Blades
 15918 | Orc:1    | Killed Donald
 15918 | Orc:1    | Received a gift from Okawaru
 15921 | Orc:1    | Got a bronze plate armour {god gift}
 15934 | Orc:1    | Identified the +3 plate armour "Qujeruacs" {MP-9 Str+9
                  | Dex+3 Stlth-} (Okawaru gifted it to you on level 1 of the
                  | Orcish Mines)
 16506 | Orc:2    | Noticed Erolcha
 16512 | Orc:2    | Killed Erolcha
 16553 | Orc:2    | Paralysed by an orc sorcerer for 4 turns
 16811 | Orc:2    | Paralysed by an orc sorcerer for 2 turns
 17177 | Orc:2    | Reached skill level 1 in Invocations
 17211 | Orc:2    | HP: 5/122 [orc knight/bolt (2)]
 18473 | Orc:2    | Found Nevvocla's Distillery.
 18473 | Orc:2    | Found Jahugofi's Weapon Shop.
 18475 | Orc:2    | Found Itruutuh's Book Boutique.
 18477 | Orc:2    | Found Gadeetas's Gadget Shoppe.
 18875 | Orc:2    | Found a transporter.
 18878 | Orc:2    | Noticed Saint Roka
 18885 | Orc:2    | Noticed AxeAttX's ghost (journeyman FoFi)
 19210 | Orc:2    | Found a burning altar of Makhleb.
 19519 | Orc:2    | Found a transporter.
 19691 | Orc:2    | Slain by Saint Roka

Levels and vault maps discovered:
D:1:      elethiomel_arrival_maze, layout_loops_ring, chequers_mini_garden,
          minivault_11
D:2:      layout_basic, gammafunk_temple_overflow_pools, tgw_kikubaaqudgha
D:3:      minmay_door_path, layout_basic, vehumet_crystals, elyvilon_altar_5
D:4:      layout_basic, minmay_temple_entry_waves, minivault_1,
          minmay_statues_item
D:5:      layout_cave_pools, kennysheep_mini, kennysheep_little_box,
          first_ration, uniq_grinder
D:6:      layout_cave_pods
D:7:      layout_cave_pods, nicolae_qazlal_general_emergency, uniq_menkaure
D:8:      layout_rooms, kennysheep_mini_moat, minitemple, led_sif_book,
          basic_altar, gammafunk_ghost_gnarly_gnolls,
          hangedman_little_slice_of_home, uniq_erica, uniq_gastronok
D:9:      layout_roguey, biasface_ghost_orc_armoury, uniq_grum
D:10:     layout_irregular_city, orc_0_dummy, minmay_ruined_shrine
D:11:     layout_basic, due_lair_maze_entry_diamond
D:12:     layout_basic, uniq_nergalle
Temple:   corrupted_temple
Lair:1:   gammafunk_lair_enchanted_lake, layout_gridlike, st_stairs_12,
          serial_bayou_ford_a, wad_woods_river_03, grunt_megastairs_3,
          uniq_harold
Lair:2:   layout_regular_city, spider_nest_entry_webs, zaba_antful_of_joy,
          serial_bayou_shore_a
Orc:1:    layout_caves, serial_shops, shop
Orc:2:    st_orc_rangers, layout_caves, gammafunk_ghost_berserking_beasts,
          basic_altar, uniq_saint_roka, uniq_erolcha, uniq_donald

Skill      XL: |  1  2  3  4  5  6  7  8  9 10 11 12 13 |
---------------+----------------------------------------+-----
Shields        | 4 5 6 7 8 10 11 12 | 12.0
Fighting       | 4 5 6 8 10 11 13 | 13.8
Long Blades    | 3 4 5 6 7 8 11 12 14 16 17 | 17.9
Armour         | 4 5 7 8 9 10 11 12 | 12.8
Dodging        | 1 2 |  2.6
Stealth        | 1 |  1.7
Evocations     | 1 |  1.6
Invocations    | 1 |  1.0

Action                   |  1- 3 |  4- 6 |  7- 9 | 10-12 | 13-15 || total
-------------------------+-------+-------+-------+-------+-------++-------
Melee: Long sword        |   100 |    59 |       |       |       ||   159
       Headbutt          |    23 |    26 |    58 |   131 |    56 ||   294
       Falchion          |       |    89 |   209 |       |       ||   298
       Scimitar          |       |       |    23 |   217 |       ||   240
       Great sword       |       |       |       |   269 |   243 ||   512
Invok: Heroism           |       |       |     2 |     3 |     2 ||     7
Evoke: Wand              |       |       |       |     4 |       ||     4
  Use: Scroll            |       |       |     9 |    12 |     3 ||    24
       Potion            |       |       |     1 |     1 |     5 ||     7
  Eat: Chunk             |     2 |     2 |    17 |    23 |    18 ||    62
       Ration            |       |     2 |       |       |       ||     2
Armor: Scale mail        |    29 |       |       |       |       ||    29
       Plate armour      |     5 |   100 |    82 |   242 |   121 ||   550
Dodge: Dodged            |    24 |    27 |    72 |   246 |   231 ||   600
       Deflected         |       |       |       |       |    71 ||    71
Block: Shield            |    56 |    78 |   129 |   122 |       ||   385
       Rpst.: Long sword |     3 |     5 |       |       |       ||     8
       Falchion          |       |     5 |    12 |       |       ||    17
       Scimitar          |       |       |     2 |    22 |       ||    24
       Great sword       |       |       |       |    33 |    54 ||    87

Table legend:
 A = Non-vault XP
 B = Vault XP
 C = Vault XP percentage of total XP
 D = Non-vault monster count
 E = Vault monster count
 F = Vault count percentage of total count
                 A         B        C        D         E       F
            +---------+---------+-------+---------+---------+-------
      Total |   33709 |   26721 |  44.2 |     331 |     144 |  30.3
            +---------+---------+-------+---------+---------+-------
        D:1 |      22 |       0 |   0.0 |      14 |       0 |   0.0
        D:2 |      65 |       0 |   0.0 |      17 |       0 |   0.0
        D:3 |     108 |      19 |  15.0 |      34 |       4 |  10.5
        D:4 |     345 |       0 |   0.0 |       6 |       0 |   0.0
        D:5 |     470 |     295 |  38.6 |      16 |       1 |   5.9
        D:6 |    1067 |       0 |   0.0 |      21 |       0 |   0.0
        D:7 |     838 |     172 |  17.0 |      18 |       1 |   5.3
        D:8 |     589 |    5087 |  89.6 |      17 |      27 |  61.4
        D:9 |     687 |       0 |   0.0 |      11 |       0 |   0.0
       D:10 |    4605 |     783 |  14.5 |      46 |       4 |   8.0
       D:11 |    2182 |    1386 |  38.8 |      11 |       9 |  45.0
       D:12 |    4256 |     824 |  16.2 |      19 |       1 |   5.0
     Lair:1 |    6348 |    5121 |  44.7 |      27 |      14 |  34.1
     Lair:2 |    2012 |    3147 |  61.0 |       9 |      37 |  80.4
      Orc:1 |    8217 |    2157 |  20.8 |      39 |       2 |   4.9
      Orc:2 |    1898 |    7730 |  80.3 |      26 |      44 |  62.9
            +---------+---------+-------+---------+---------+-------
